 Dungeon Crawl Stone Soup version 0.24.0-13-gcf9b319 (webtiles) character file.

Game seed: 2108468386157970503, levelgen mode: deterministic

36 Bronimir the Skirmisher (level 3, -2/31 HPs)
             Began as a Centaur Warper on Mar 28, 2020.
             Slain by an adder (3 damage)
             ... on level 2 of the Dungeon.
             The game lasted 00:01:51 (1328 turns).

Bronimir the Skirmisher (Centaur Warper)            Turns: 1328, Time: 00:01:52

Health: -2/31      AC:  4    Str: 14    XL:     3   Next: 19%
Magic:  5/5        EV:  9    Int: 12    God:
Gold:   121        SH:  0    Dex:  8    Spells: 1/5 levels left

rFire    . . .     SeeInvis .   h - +0 hand axe (vamp)
rCold    . . .     Gourm    .   (no shield)
rNeg     . . .     Faith    .   b - +0 leather armour
rPois    .         Spirit   .   (no helmet)
rElec    .         Reflect  .   (no cloak)
rCorr    .         Harm     .   (no gloves)
MR       .....                  (no barding)
Stlth    ..........             l - amulet of the acrobat
HPRegen  0.10/turn              (no ring)
MPRegen  0.09/turn              (no ring)

@: lethally poisoned (-2 -> -3), very quick
A: large, hooves 3, deformed body, speed 2, tough skin 3
a: no special abilities


You were on level 2 of the Dungeon.
You were hungry.

You visited 1 branch of the dungeon, and saw 2 of its levels.

You collected 121 gold pieces.

Inventory:

Hand Weapons
 a - a +0 spear
 h - a +0 vampiric hand axe (weapon)
Missiles
 e - 5 boomerangs of dispersal (quivered)
 j - 47 stones
Armour
 b - a +0 leather armour (worn)
Jewellery
 l - an amulet of the acrobat (around neck)
Scrolls
 d - a scroll of blinking
 g - 4 scrolls of identify {unknown}
 i - 3 scrolls of enchant armour {unknown}
 k - 2 scrolls of enchant weapon {unknown}
 n - a scroll of remove curse {unknown}
Potions
 c - 2 potions of invisibility {unknown}
 m - a potion of experience {unknown}
Comestibles
 f - a ration


   Skills:
 * Level 3.0 Fighting
 + Level 0.4(1.2) Axes
 + Level 1.8(1.9) Polearms
 + Level 1.1 Throwing
 * Level 1.0 Armour
 + Level 1.4 Dodging
 + Level 1.8 Spellcasting
 + Level 2.7 Translocations


You had one spell level left.
You knew the following spells:

 Your Spells              Type           Power        Failure   Level  Hunger
a - Blink                 Tloc           N/A          17%         2    ###....
b - Shroud of Golubria    Chrm/Tloc      #.....       28%         2    ###....

Your spell library contained the following spells:

 Spells                   Type           Power        Failure   Level  Hunger
 Gell's Gravitas          Tloc           #.........   32%         3    ####...
 Lesser Beckoning         Tloc           #.........   32%         3    ####...
 Teleport Other           Tloc           #.......     32%         3    ####...
 Passage of Golubria      Tloc           N/A          73%         4    #####..


Dungeon Overview and Level Annotations

Branches:
Dungeon (2/15)

Altars:


Innate Abilities, Weirdness & Mutations

You have hooves in place of feet.
Armour fits poorly on your strangely shaped body.
You cover ground very quickly.
You have extremely tough skin. (AC +3)


Message History

The adder is almost dead.
You feel sick. The adder barely misses you. The adder closely misses you.
You closely miss the adder. Your kick misses the adder.
The adder is almost dead.
The adder bites you but does no damage.
You barely miss the adder. Your kick misses the adder.
The adder is almost dead.
The adder bites you.
* * * LOW HITPOINT WARNING * * *
The adder barely misses you.
You hit the adder.
The adder is almost dead.
You feel sick. The adder misses you.
Your magical contamination has completely faded away.
You miss the adder.
The adder is almost dead.
The adder bites you.
* * * LOW HITPOINT WARNING * * *
The adder bites you.
You die...

#..# #..# #..#
#..# #..##### ##
#......##########.
#.####............
#?# ############.
#@# #......... #S#
#.######## #.# #.#
#.# #.# ##### #.#
#.# #.... #.# #.#
#.### #.#
####.####.# #.#
#.........#
#.#.#######


You could see an adder.

Vanquished Creatures
  2 dart slugs
  2 leopard geckos (D:2)
  An orc (D:2)
  2 bats (D:1)
  2 giant cockroaches
  3 goblins
  7 hobgoblins (D:1)
  4 kobolds (D:1)
  2 rats
25 creatures vanquished.

Notes
Turn   | Place    | Note
-------+----------+-------------------------------------------
     0 | D:1      | Bronimir the Centaur Warper began the quest for the Orb.
     0 | D:1      | Reached XP level 1. HP: 17/17 MP: 3/3
   594 | D:1      | Reached XP level 2. HP: 25/25 MP: 4/4
   727 | D:1      | Learned a level 2 spell: Blink
   730 | D:1      | Learned a level 2 spell: Shroud of Golubria
  1046 | D:2      | Reached XP level 3. HP: 30/30 MP: 5/5
  1059 | D:2      | Reached skill level 3 in Fighting
  1126 | D:2      | Reached skill level 1 in Armour
  1328 | D:2      | HP: 1/31 [adder (4)]
  1328 | D:2      | Slain by an adder

Levels and vault maps discovered:
D:1:      minmay_arrival_jagged, layout_basic, minivault_24,
          minmay_crystal_water
D:2:      layout_loops_ring, minmay_cupped, uniq_jessica

Skill      XL: |  1  2  3 |
---------------+----------+-----
Fighting       | 3 |  3.0
Armour         | 1 |  1.0
Axes           | |  0.4
Polearms       | |  1.8
Throwing       | |  1.1
Dodging        | |  1.4
Spellcasting   | |  1.8
Translocations | |  2.7

Action                   || total
-------------------------++-------
Melee: Hand axe          ||    75
       Spear             ||     6
       Kick              ||    13
Armor: Leather armour    ||    25
Dodge: Dodged            ||    46
